 Dungeon Crawl Stone Soup version 0.23-a0-106-g63f3d0b (webtiles) character file.

8 galech the Skirmisher (level 2, 18/24 HPs)
             Began as a Demonspawn Berserker on Aug 20, 2018.
             Was a Follower of Trog.
             Quit the game on level 1 of the Dungeon.
             The game lasted 00:00:41 (420 turns).

galech the Skirmisher (Demonspawn Berserker)         Turns: 420, Time: 00:00:41

Health: 18/24      AC:  5    Str: 17    XL:     2   Next: 0%
Magic:  2/2        EV: 11    Int:  8    God:    Trog [*.....]
Gold:   58         SH:  3    Dex: 12    Spells: 1/1 levels left

rFire    . . .     SeeInvis .   a - +0 hand axe
rCold    . . .     Gourm    .   m - +0 buckler {AC+3}
rNeg     . . .     Faith    .   b - +0 animal skin
rPois    .         Spirit   .   (helmet restricted)
rElec    .         Reflect  .   (no cloak)
rCorr    .         Harm     .   (no gloves)
MR       .....     Rnd*Tele +   (no boots)
Stlth    +.........             (no amulet)
HPRegen  0.08/turn              k - ring of teleportation (curse)
MPRegen  0.08/turn              (no ring)

@: no status effects
A: horns 1
a: Berserk, Renounce Religion


You were on level 1 of the Dungeon.
You worshipped Trog.
Trog was aware of your devotion.
You were not hungry.

You visited 1 branch of the dungeon, and saw 1 of its levels.

You collected 58 gold pieces.

Inventory:

Hand Weapons
 a - a +0 hand axe (weapon)
Armour
 b - a +0 animal skin (worn)
 m - a +0 buckler of protection (worn)
Jewellery
 k - a cursed ring of teleportation (left hand)
Scrolls
 d - a scroll of fog {unknown}
 h - a scroll of identify {unknown}
 i - a scroll of noise {unknown}
 j - a scroll of enchant weapon {unknown}
Potions
 e - a potion of invisibility {unknown}
 g - a potion of brilliance {unknown}
 l - a potion of flight {unknown}
Comestibles
 c - a ration
 f - 6 chunks of flesh


   Skills:
 + Level 3.1 Fighting
 + Level 3.0 Axes
 + Level 1.8 Armour
 + Level 1.8 Dodging


You had one spell level left.
You didn't know any spells.
Your spell library was empty.

Dungeon Overview and Level Annotations

Branches:
Dungeon (1/15)

Altars:


Innate Abilities, Weirdness & Mutations

You have a pair of small horns on your head.


Message History

Trog accepts your kill.
Your Axes skill increases to level 3!
You have reached level 2!
Your demonic ancestry asserts itself...
A pair of horns grows on your head!
Things that are here:
a club; a hobgoblin corpse You butcher the hobgoblin corpse.
f - 6 chunks of flesh (gained 4)
Things that are here:
a club; a hobgoblin skeleton You see here a glowing buckler.
m - a glowing buckler You start putting on your armour.
You continue putting on your glowing buckler. x4
You finish putting on your +0 buckler of protection.
You feel protected.
You feel slightly jumpy.
Oops, that ring feels deathly cold.
k - a cursed ring of teleportation (left hand) Are you sure you want to abandon this character and quit the game? (Confirm with "yes".)

..# #.# #.# #.#
#.######.#
#.#....#.#
#.#.##.#.# #
#.#..#.#.####....
#.#.....@).......
#.#..#.#.####....
###(#..#.#.# .
##......#.#.#
#.......#.#.#
#.......#.#.#
#......##.#.#
#.........#.#
#......####


There were no monsters in sight!

Vanquished Creatures
  A giant cockroach (D:1)
  A goblin (D:1)
  2 hobgoblins (D:1)
  A bat (D:1)
  A kobold (D:1)
  2 rats (D:1)
8 creatures vanquished.

Notes
Turn   | Place    | Note
-------+----------+-------------------------------------------
     0 | D:1      | galech the Demonspawn Berserker began the quest for the Orb.
     0 | D:1      | Reached XP level 1. HP: 18/18 MP: 1/1
   408 | D:1      | Gained mutation: You have a pair of small horns on your head. [demonic ancestry]
   408 | D:1      | Reached XP level 2. HP: 17/24 MP: 2/2
   420 | D:1      | Quit the game

Vault maps used:
D:1:      dpeg_arrival_ternary, minmay_misc_feat_doors, grunt_decor_clamped

Skill      XL: |  1 |
---------------+----+-----
Axes           | 3 |  3.0
Fighting       | |  3.1
Armour         | |  1.8
Dodging        | |  1.8

Action                   || total
-------------------------++-------
Melee: Hand axe          ||    22
Invok: Berserk           ||     1
Armor: Animal skin       ||     1
Dodge: Dodged            ||    12

Table legend:
 A = Non-vault XP
 B = Vault XP
 C = Vault XP percentage of total XP
 D = Non-vault monster count
 E = Vault monster count
 F = Vault count percentage of total count
                 A         B        C        D         E       F
            +---------+---------+-------+---------+---------+-------
      Total |      12 |       0 |   0.0 |       8 |       0 |   0.0
            +---------+---------+-------+---------+---------+-------
        D:1 |      12 |       0 |   0.0 |       8 |       0 |   0.0
            +---------+---------+-------+---------+---------+-------
